Map: Flashback EE

Players

iiSISSCO

  • Race: Zerg Zerg
  • League: Platinum
  • Spawn Location: 7:00

IuhKing

  • Race: Protoss Protoss
  • Spawn Location: 7:00

NoGGNoSkill

  • Race: Zerg Zerg
  • League: Diamond
  • Spawn Location: 7:00

TATORREA

  • Race: Protoss Protoss
  • League: Gold
  • Spawn Location: 9:00

MrFercho

  • Race: Zerg Zerg
  • League: Gold
  • Spawn Location: 11:00

tigro

  • Race: Terran Terran
  • League: Bronze
  • Spawn Location: 11:00

VOD

Have the link to the VOD?

Description

Time

  • Played on: Aug. 21, 2020, 10:40 p.m.
  • Length: 14:54
Show
View Real Time Build Order
Export as new Build Order

iiSISSCO Zerg 

Build Orders: Hatch First 

Get SALT Encoding   

  12  0:02  Drone  
  13  0:13  Overlord  
  13  0:18  Drone  
  14  0:32  Drone  
  14  0:33  Drone  
  16  1:01  Hatchery  
  15  1:06  Spawning Pool  
  15  1:08  Drone  
  15  1:11  Drone  
  16  1:25  Drone  
  16  1:26  Drone  
  18  1:42  Drone  
  18  1:43  Drone  
  20  1:50  Extractor  
  20  1:53  Queen  
  21  1:55  Zergling x2  
  22  2:11  Extractor  
  22  2:13  Drone  
  22  2:14  Drone  
  23  2:26  Drone  
  23  2:28  Drone x2  
  26  2:39  Drone  
  27  2:48  Overlord  
  27  2:55  Zergling x2  
  27  2:57  Overlord  
  28  3:06  Queen, Spine Crawler  
  28  3:14  Zergling x2  
  28  3:18  Zergling x2  
  28  3:19  Zergling x10  
  34  3:44  Metabolic Boost  
  34  3:52  Drone  
  34  3:53  Drone  
  36  3:57  Roach Warren  
  35  4:28  Overlord x4  
  35  4:45  Drone  
  35  4:46  Drone x9  
  45  4:55  Lair  
  45  4:58  Roach x4  
  45  4:59  Roach x2  
  55  5:20  Hatchery  
  54  5:32  Ravager x6  
  60  5:36  Roach x5  
  60  5:39  Roach  
  60  5:41  Drone  
  60  5:42  Drone  
  74  5:48  Drone  
  75  5:53  Glial Reconstitution  
  75  5:57  Extractor  
  75  6:03  Extractor  
  73  6:16  Ravager  
  74  6:19  Drone  
  74  6:21  Overlord x5  
  74  6:22  Overlord x2  
  72  6:35  Evolution Chamber  
  68  6:52  Overseer  
  67  6:55  Drone x8  
  67  6:56  Drone x3  
  67  6:59  Drone  
  79  7:24  Drone  
  79  7:25  Drone x3  
  79  7:27  Zerg Missile Weapons Level 1  
  83  7:30  Overseer  
  83  7:33  Roach x5  
  93  7:49  Queen  
  95  7:51  Roach  
  95  7:52  Roach x5  
  95  7:54  Roach  
  109  8:08  Roach x6  
  121  8:20  Drone x2  
  123  8:42  Hatchery  
  123  8:44  Roach x8  
  138  8:49  Overlord x3  
  138  8:50  Overlord  
  138  9:08  Ravager  
  138  9:09  Ravager x12  
  151  9:12  Drone  
  151  9:13  Drone x6  
  151  9:14  Drone  
  159  9:49  Roach  
  159  9:50  Overlord x5  
  145  10:37  Roach x11  
  145  10:38  Roach x7  
  152  11:07  Roach x4  
  150  11:15  Extractor  
  106  11:28  Hatchery  
  97  11:33  Roach  
  97  11:34  Roach x6  
  92  12:09  Roach  
  92  12:10  Roach x5  
  99  12:21  Roach x4  
  99  12:22  Roach x5  
  113  12:49  Spawning Pool  
  96  13:04  Hatchery  
  83  13:46  Spine Crawler  
  82  13:49  Spine Crawler x3, Drone x3  
  82  13:50  Spine Crawler x2  
  82  13:51  Drone  
  82  13:52  Drone x2  
  82  13:53  Queen  
  85  13:59  Drone x10  
  95  14:07  Roach  
  95  14:08  Roach x13  
Show
View Real Time Build Order
Export as new Build Order

IuhKing Protoss 

Build Orders:  

Get SALT Encoding   

  12  0:06  Probe  
  13  0:19  Probe  
  14  0:31  Probe  
  15  0:52  Pylon  
  15  0:59  Pylon  
  15  1:10  Probe  
  16  1:12  Assimilator  
  16  1:17  Assimilator  
  16  1:22  Probe  
  17  1:26  Gateway  
  17  1:33  Forge  
  17  1:34  Probe  
  18  1:46  Probe  
  19  1:58  Probe  
  20  2:17  Probe  
  21  2:28  Cybernetics Core  
  21  2:29  Probe  
  22  2:37  Gateway  
  22  2:51  Cybernetics Core  
  22  3:09  Photon Cannon  
  22  3:10  Photon Cannon  
  22  3:11  Photon Cannon  
  22  3:27  Zealot (Chrono Boost)  
  22  3:32  Warp Gate  
  26  3:34  Zealot (Chrono Boost)  
  26  3:50  Photon Cannon  
  26  3:54  Zealot  
  28  3:58  Pylon  
  28  3:59  Pylon x2  
  28  4:02  Pylon  
  28  4:28  Gateway  
  28  4:29  Gateway  
  28  4:34  Gateway x2  
  28  4:52  Nexus  
  28  5:04  Pylon  
  28  5:09  Pylon  
  28  5:12  Pylon  
  28  5:29  Stalker  
  28  5:30  Stalker  
  32  5:37  Stalker  
  34  5:48  Probe  
  35  6:00  Probe  
  36  6:05  Assimilator  
  36  6:12  Probe  
  37  6:22  Sentry  
  37  6:23  Stalker x2  
  37  6:24  Probe  
  44  6:26  Sentry  
  44  6:28  Sentry  
  45  6:37  Probe  
  46  6:51  Probe  
  47  7:00  Probe  
  48  7:03  Probe  
  49  7:12  Probe  
  49  7:15  Photon Cannon, Probe  
  51  7:22  Photon Cannon  
  51  7:24  Probe  
  51  7:27  Probe  
  53  7:30  Photon Cannon  
  54  7:37  Probe (Chrono Boost)  
  54  7:39  Probe (Chrono Boost)  
  55  7:51  Stalker, Probe (Chrono Boost)  
  59  7:54  Probe (Chrono Boost)  
  59  7:57  Probe (Chrono Boost), Protoss Ground Weapons Level 1 (Chrono Boost)  
  60  8:06  Probe  
  61  8:18  Probe  
  62  8:20  Assimilator  
  62  8:46  Stalker  
  62  8:47  Stalker x3  
  70  9:03  Nexus  
  70  9:05  Stalker  
  70  9:06  Stalker  
  54  10:24  Stalker x3  
  54  10:25  Stalker x3  
  64  10:55  Stalker x3  
  64  10:56  Stalker x2  
  73  10:57  Stalker  
  39  11:20  Stalker x3  
  39  11:21  Stalker x3  
  23  11:43  Stalker  
  23  11:44  Stalker x4  
  23  12:34  Pylon x2  
  23  12:37  Pylon  
  23  12:39  Pylon  
  23  12:40  Pylon  
  23  12:42  Pylon  
  23  12:53  Gateway  
  23  12:54  Gateway  
  23  12:56  Gateway  
  23  12:58  Gateway  
  23  13:02  Probe  
  24  13:14  Probe  
  25  13:26  Probe  
  26  13:31  Probe  
  27  13:38  Probe  
  28  13:43  Probe  
  29  13:50  Probe  
  29  13:55  Probe  
  31  13:58  Cybernetics Core  
  31  14:07  Probe  
  32  14:10  Forge  
  32  14:18  Zealot  
  32  14:19  Probe, Zealot  
  32  14:20  Zealot  
  39  14:36  Probe  
Show
View Real Time Build Order
Export as new Build Order

NoGGNoSkill Zerg 

Build Orders: Hatch First 

Get SALT Encoding   

  12  0:04  Drone  
  13  0:12  Overlord  
  13  0:23  Drone  
  14  0:36  Drone  
  14  0:40  Drone  
  14  0:42  Drone  
  17  0:53  Hatchery  
  16  1:01  Drone  
  17  1:14  Spawning Pool  
  17  1:15  Drone  
  17  1:20  Extractor, Drone  
  17  1:24  Drone  
  18  1:34  Drone  
  19  1:43  Drone  
  20  1:54  Drone  
  21  2:06  Queen x2  
  21  2:07  Overlord  
  25  2:10  Zergling x2  
  25  2:14  Zergling x2  
  27  2:20  Drone  
  28  2:33  Drone  
  28  2:36  Drone  
  30  2:51  Hatchery  
  30  2:53  Zergling x8  
  30  2:57  Zergling x2  
  34  3:05  Roach Warren  
  33  3:06  Zergling x2  
  33  3:07  Zergling x2  
  35  3:13  Metabolic Boost  
  35  3:15  Zergling x2  
  35  3:33  Overlord x3  
  34  3:47  Overlord  
  34  3:48  Overlord  
  34  3:51  Queen, Roach x2  
  34  3:52  Roach  
  34  3:54  Roach  
  44  4:00  Roach  
  44  4:01  Roach  
  49  4:09  Roach x2  
  52  4:10  Drone x2  
  54  4:27  Extractor, Drone x3  
  54  4:28  Drone x2  
  58  4:34  Extractor  
  58  4:37  Drone x4  
  61  4:42  Roach  
  61  4:44  Drone  
  61  4:45  Drone  
  65  4:50  Hatchery  
  65  4:52  Drone  
  65  4:53  Drone x2  
  67  5:04  Overlord x2  
  67  5:21  Overlord x4  
  67  5:22  Overlord  
  67  5:23  Overlord  
  67  5:29  Lair  
  67  5:36  Drone x5  
  67  5:41  Drone  
  73  6:01  Roach  
  73  6:02  Roach x6  
  73  6:04  Drone  
  88  6:05  Roach  
  90  6:13  Queen  
  92  6:19  Evolution Chamber  
  92  6:25  Drone x9  
  100  6:37  Hydralisk Den  
  91  6:49  Roach  
  91  6:50  Roach x11  
  115  6:59  Roach x2  
  119  7:02  Zerg Melee Weapons Level 1  
  119  7:05  Drone  
  119  7:06  Drone  
  119  7:07  Evolution Chamber  
  120  7:12  Roach  
  120  7:13  Roach x4  
  130  7:17  Hydralisk  
  130  7:19  Hydralisk  
  134  7:23  Drone  
  134  7:24  Extractor  
  134  7:25  Extractor, Drone  
  134  7:26  Drone  
  134  7:27  Drone  
  134  7:28  Drone  
  137  7:36  Overlord  
  137  7:37  Overlord x4  
  137  7:54  Queen  
  137  7:55  Queen x2  
  143  8:01  Hydralisk x7  
  143  8:02  Hydralisk  
  143  8:05  Overlord  
  161  8:12  Drone x2  
  161  8:22  Overlord x2, Hydralisk  
  161  8:23  Overlord  
  161  8:26  Hydralisk x2  
  161  8:27  Hydralisk  
  163  8:32  Overlord  
  163  8:33  Overlord x2  
  169  8:39  Hydralisk  
  169  8:40  Hydralisk x2  
  175  8:47  Grooved Spines  
  175  8:54  Extractor  
  174  9:10  Drone x11  
  174  9:13  Hydralisk  
  174  9:15  Hydralisk  
  189  9:21  Hydralisk  
  189  9:22  Hydralisk  
  193  9:28  Hatchery, Infestation Pit  
  191  9:46  Hydralisk x4  
  199  9:59  Muscular Augments  
  164  10:42  Hydralisk x2  
  152  10:43  Hydralisk x13  
  178  11:09  Hydralisk x8  
  184  11:18  Hydralisk x4  
  182  11:43  Roach x9  
  186  12:19  Hydralisk x8  
  198  12:27  Hydralisk  
  155  13:23  Overlord x4  
  155  13:24  Overlord x5  
  146  13:28  Overseer  
  146  13:29  Overseer  
  146  13:33  Hatchery  
  143  13:39  Lurker Den  
  108  14:14  Hydralisk  
  108  14:15  Hydralisk x5  
  97  14:38  Drone x2  
Show
View Real Time Build Order
Export as new Build Order

TATORREA Protoss 

Build Orders:  

Get SALT Encoding   

  12  0:02  Probe  
  13  0:14  Probe  
  14  0:26  Probe  
  14  0:27  Pylon  
  15  0:45  Probe  
  16  0:52  Gateway  
  16  0:57  Probe  
  17  1:09  Assimilator  
  17  1:10  Probe  
  18  1:22  Probe  
  19  1:26  Gateway  
  19  1:34  Probe  
  20  1:42  Assimilator  
  20  1:44  Pylon  
  20  1:46  Probe  
  21  1:48  Pylon  
  21  1:54  Cybernetics Core  
  21  2:00  Probe  
  22  2:12  Probe  
  23  2:25  Probe  
  24  2:47  Nexus  
  24  2:50  Pylon  
  24  2:54  Pylon  
  24  3:00  Adept (Chrono Boost), Twilight Council  
  24  3:02  Stargate  
  24  3:03  Adept (Chrono Boost)  
  26  3:09  Warp Gate  
  28  3:20  Adept (Chrono Boost)  
  28  3:25  Adept  
  32  3:29  Resonating Glaives (Chrono Boost)  
  32  3:48  Probe  
  32  3:50  Adept  
  35  3:55  Adept  
  35  4:00  Probe x2  
  39  4:12  Probe x2  
  41  4:20  Adept  
  44  4:24  Probe  
  44  4:25  Adept, Probe  
  47  4:36  Probe  
  47  4:37  Probe  
  49  4:42  Assimilator  
  49  4:46  Assimilator  
  49  4:48  Probe  
  49  4:49  Probe  
  51  5:00  Probe  
  51  5:01  Probe  
  51  5:04  Adept x2  
  57  5:12  Probe  
  57  5:13  Probe  
  59  5:24  Probe  
  59  5:25  Probe  
  61  5:41  Probe x2  
  63  5:44  Void Ray  
  63  5:53  Probe x2  
  69  6:03  Fleet Beacon  
  69  6:07  Probe  
  70  6:25  Nexus  
  70  6:28  Pylon  
  70  6:30  Pylon  
  70  6:35  Probe x2  
  54  6:47  Probe x2  
  54  6:53  Stalker x2  
  58  6:59  Probe x2  
  60  7:02  Void Ray  
  60  7:05  Gateway  
  60  7:07  Gateway  
  64  7:09  Gateway  
  64  7:11  Gateway, Probe x2  
  64  7:14  Gateway  
  66  7:16  Assimilator  
  66  7:20  Unknown  
  66  7:21  Assimilator  
  66  7:23  Probe x2  
  68  7:30  Forge  
  68  7:33  Forge  
  68  7:34  Gateway  
  68  7:36  Gateway, Probe  
  69  7:38  Gateway  
  69  7:39  Void Ray  
  69  7:40  Pylon, Probe  
  69  7:42  Pylon  
  69  7:43  Pylon  
  70  7:48  Probe  
  70  7:51  Probe  
  76  7:53  Probe  
  77  8:00  Probe  
  77  8:02  Stalker x3  
  77  8:03  Probe  
  77  8:05  Probe  
  86  8:12  Probe  
  87  8:15  Probe  
  87  8:16  Void Ray  
  87  8:17  Probe  
  89  8:24  Probe  
  94  8:27  Probe  
  94  8:32  Blink  
  95  8:37  Stalker x3  
  95  8:39  Protoss Ground Weapons Level 1 (Chrono Boost)  
  101  8:42  Protoss Shields Level 1 (Chrono Boost)  
  101  8:53  Nexus  
  101  8:56  Pylon  
  101  9:03  Pylon  
  101  9:08  Probe x3  
  104  9:12  Stalker x2  
  104  9:13  Stalker x3  
  104  9:14  Stalker  
  116  9:20  Probe x3  
  116  9:21  Void Ray  
  119  9:25  Robotics Facility  
  119  9:28  Robotics Facility  
  123  9:40  Probe  
  123  9:41  Probe x2  
  123  9:45  Stalker x2  
  130  9:50  Templar Archives  
  130  9:53  Probe x3  
  130  9:54  Pylon  
  130  9:58  Void Ray, Pylon  
  133  10:03  Pylon  
  136  10:17  Stalker x3  
  136  10:18  Stalker x4  
  136  10:19  Stalker  
  61  10:44  High Templar x3  
  61  10:45  High Templar x4  
  61  10:46  High Templar  
  61  10:48  Archon  
  61  10:49  Archon x2  
  77  10:50  Archon  
  77  10:55  Cybernetics Core  
  60  11:19  High Templar x5  
  60  11:21  Zealot  
  60  11:22  Zealot x2  
  60  11:24  Archon x2  
  48  11:48  Nexus  
  48  11:51  Pylon  
  48  11:52  Pylon  
  43  11:55  Pylon  
  43  11:58  Pylon  
  34  12:15  Stalker x4  
  29  12:23  Cybernetics Core  
  29  12:29  Stalker x5  
  39  12:55  Stalker x2  
  39  12:56  Stalker x3  
  47  13:16  Probe x2 (Chrono Boost)  
  49  13:21  Stalker  
  49  13:22  Stalker x4  
  49  13:26  Probe (Chrono Boost)  
  49  13:27  Probe (Chrono Boost)  
  61  13:31  Probe x2 (Chrono Boost)  
  28  13:57  Stalker  
  28  13:58  Stalker x4  
  28  14:00  Probe x2  
  40  14:12  Probe x2  
  42  14:23  Stalker x2  
  42  14:24  Stalker x2  
  50  14:34  Probe x2  
  50  14:35  Assimilator  
  52  14:39  Assimilator  
Show
View Real Time Build Order
Export as new Build Order

MrFercho Zerg 

Build Orders: Pool First, Lurkers 

Get SALT Encoding   

  12  0:20  Spawning Pool  
  11  0:23  Drone  
  11  0:27  Drone  
  13  0:37  Overlord  
  13  0:41  Drone  
  14  0:56  Drone x2  
  16  1:08  Queen  
  16  1:10  Zergling x2  
  19  1:17  Zergling x2  
  20  1:29  Zergling x2  
  21  1:40  Zergling x2  
  22  1:47  Hatchery  
  22  1:50  Drone  
  22  2:10  Overlord  
  22  2:33  Zergling x2  
  22  2:34  Zergling x6  
  26  2:41  Overlord  
  23  3:27  Drone  
  23  3:28  Drone x8  
  23  3:31  Queen  
  33  3:52  Drone x6  
  39  4:12  Extractor  
  38  4:41  Drone x2  
  38  4:42  Drone  
  38  4:45  Drone x3  
  44  4:47  Extractor  
  44  4:49  Extractor  
  42  4:56  Drone x2  
  42  4:57  Overlord x4  
  44  5:00  Extractor, Hatchery  
  44  5:03  Extractor  
  41  5:18  Queen  
  45  5:25  Drone x4  
  45  5:26  Drone x2  
  51  5:39  Lair  
  49  5:42  Metabolic Boost  
  49  5:46  Drone x4  
  53  5:51  Evolution Chamber  
  53  5:52  Evolution Chamber  
  53  5:54  Queen  
  53  6:06  Drone  
  53  6:07  Drone x5  
  53  6:09  Overlord  
  59  6:15  Queen  
  61  6:20  Zerg Missile Weapons Level 1  
  61  6:22  Zerg Ground Armor Level 1  
  61  6:39  Extractor  
  60  6:44  Hydralisk Den  
  60  6:46  Drone x3  
  63  6:47  Drone x3  
  63  6:48  Drone x8  
  73  7:10  Infestation Pit  
  73  7:14  Muscular Augments  
  72  7:16  Drone x3  
  72  7:17  Drone x2  
  72  7:21  Spire  
  76  7:23  Overlord  
  76  7:24  Overlord  
  76  7:25  Overlord  
  76  7:33  Drone x2  
  78  7:44  Lurker Den, Drone  
  78  7:50  Nydus Network, Hydralisk x4  
  85  7:52  Overlord  
  85  7:53  Overlord  
  85  8:00  Hive  
  85  8:04  Zergling x2  
  85  8:05  Zergling x18  
  95  8:17  Hydralisk x6  
  107  8:25  Grooved Spines  
  107  8:28  Hydralisk x3  
  107  8:29  Hydralisk  
  107  8:30  Overlord  
  107  8:31  Overlord  
  115  8:46  Zerg Missile Weapons Level 2  
  115  8:52  Zerg Ground Armor Level 2  
  115  9:04  Lurker  
  115  9:05  Lurker  
  117  9:21  Adaptive Talons  
  117  9:28  Overlord x5  
  117  9:32  Overseer  
  117  9:33  Overseer  
  117  9:55  Hatchery  
  117  9:59  Hydralisk x6  
  118  10:00  Hydralisk x4  
  136  10:18  Seismic Spines  
  136  10:19  Nydus Canal  
  136  10:23  Hydralisk  
  136  10:24  Hydralisk x5  
  149  10:28  Zergling x12  
  149  10:29  Zergling x28  
  156  11:02  Hydralisk x11  
  99  11:33  Hydralisk x4  
  99  11:34  Hydralisk x3  
  98  11:45  Lurker  
  72  11:57  Lurker x5  
  61  12:40  Hatchery  
  26  14:18  Drone x3  
Show
View Real Time Build Order
Export as new Build Order

tigro Terran 

Build Orders:  

Get SALT Encoding   

  12  0:13  SCV  
  13  0:26  Supply Depot  
  13  0:30  SCV  
  14  0:42  SCV  
  15  0:54  SCV  
  16  0:58  Refinery  
  16  1:03  Barracks  
  16  1:06  SCV  
  17  1:18  SCV  
  17  1:23  Supply Depot  
  18  1:26  Refinery  
  18  1:30  SCV  
  19  1:43  SCV  
  20  1:50  Marine  
  21  1:55  SCV  
  22  2:07  SCV  
  22  2:08  Marine  
  24  2:18  Factory  
  24  2:19  SCV  
  25  2:26  Marine  
  26  2:32  Orbital Command  
  26  2:44  Marine  
  27  3:01  Marine  
  28  3:09  Engineering Bay  
  28  3:22  Factory Tech Lab  
  28  3:31  Barracks Tech Lab  
  28  3:45  Siege Tank  
  31  3:51  Combat Shield  
  31  4:02  Missile Turret  
  31  4:17  Siege Tank  
  31  4:22  Marine  
  35  4:31  Missile Turret  
  35  4:32  Terran Infantry Weapons Level 1  
  35  4:40  Marine  
  36  4:52  Missile Turret  
  36  4:58  Marine  
  37  5:10  Stimpack  
  37  5:15  Marine, Missile Turret  
  38  5:25  Command Center  
  38  5:33  Marine  
  39  5:36  Missile Turret  
  39  5:56  Marine  
  43  5:57  Cyclone  
  43  5:58  Missile Turret  
  43  6:13  Starport  
  43  6:14  Marine  
  44  6:21  Missile Turret  
  44  6:26  Terran Infantry Armor Level 1  
  44  6:32  Marine  
  45  6:38  SCV  
  45  6:39  Refinery  
  46  6:42  Missile Turret  
  46  6:50  Marine, SCV  
  48  6:55  Armory  
  48  6:58  Medivac  
  50  7:02  SCV  
  51  7:14  SCV  
  52  7:16  Refinery  
  52  7:26  SCV  
  53  7:35  Starport Tech Lab  
  53  7:38  SCV  
  53  7:42  Thor  
  60  7:44  Marine  
  60  7:45  Fusion Core  
  60  7:50  SCV  
  62  8:20  Supply Depot, Neosteel Armor  
  62  8:36  Weapon Refit  
  62  8:37  Barracks  
  62  8:42  Supply Depot, Marine, SCV  
  64  8:54  SCV  
  65  8:59  Marine  
  66  9:05  Supply Depot  
  66  9:06  SCV  
  67  9:17  Marine  
  67  9:18  SCV  
  67  9:22  Battlecruiser  
  75  9:30  SCV  
  76  9:35  Marine  
  77  9:42  SCV  
  78  9:54  SCV  
  74  10:00  Hi-Sec Auto Tracking  
  51  10:16  Rapid Reignition System  
  51  10:17  Barracks Reactor, Marine  
  51  10:20  Thor  
  58  10:23  Missile Turret  
  58  10:26  Medivac  
  58  10:35  Marine  
  53  10:43  Missile Turret  
  53  10:53  Marine  
  53  10:56  Battlecruiser  
  53  10:57  Terran Infantry Weapons Level 2  
  59  10:59  Marine  
  59  11:00  Marine  
  61  11:05  Missile Turret  
  61  11:11  Marine  
  61  11:17  Marine  
  62  11:24  Marine  
  57  11:29  Marine, Missile Turret  
  58  11:35  Marine  
  58  11:42  Marine  
  58  11:46  Marine  
  55  11:51  Missile Turret  
  55  11:53  Marine  
  55  12:00  Marine  
  54  12:04  Marine  
  54  12:11  Marine  
  52  12:20  Marine  
  52  12:22  Marine  
  46  12:29  Command Center  
  34  12:37  Marine  
  34  12:40  Marine  
  34  12:43  Planetary Fortress  
  17  13:43  Supply Depot, SCV  
  18  13:52  Barracks  
  18  13:56  SCV  
  19  14:08  SCV  
  20  14:20  SCV  
  11  14:32  SCV  
  6  14:41  Barracks  
  6  14:42  Refinery  
  7  14:46  Refinery  
Tags
 
Add a new tag
Caveats
  • Supply blocks, unpowered buildings, or Contaminate may cause inaccurate times.
  • Supply counts are checked every 10 seconds.